| TOP OF THE 1ST |
|
Chicago Cubs batting - Pitching for St. Louis Cardinals : RHP Keith Anter
|
|
Pitching: RHP Keith Anter
|
|
|
Batting: RHB David Casas
|
0-0: Called Strike 0-1: Ball 1-1: Called Strike 1-2: Ball 2-2: Strikes out swinging
|
|
Batting: RHB Josh Kalman
|
0-0: Ball 1-0: Ball 2-0: Ground out 6-3 (Groundball, 6MS, EV 84.4 MPH)
|
|
Batting: RHB Efrain Vargas
|
0-0: Ball 1-0: Swinging Strike 1-1: Ball 2-1: Ground out 1-3 (Groundball, 13, EV 73.8 MPH)
|
| Top of the 1st over - 0 runs, 0 hits, 0 errors, 0 left on base; Chicago 0 - St. Louis 0 |
| BOTTOM OF THE 1ST |
|
St. Louis Cardinals batting - Pitching for Chicago Cubs : LHP Unkei Wakamatsu
|
|
Pitching: LHP Unkei Wakamatsu
|
|
|
Batting: LHB Ichiro Toyota
|
0-0: Foul Ball, location: 2F 0-1: Foul Ball, location: 2F 0-2: Strikes out swinging
|
|
Batting: SHB Antoine Roux
|
0-0: Ground out 5-3 (Groundball, 56S, EV 86.9 MPH)
|
|
Batting: RHB Mike Bates
|
0-0: Ball 1-0: Foul Ball, location: 2F 1-1: Fly out, F8 (Flyball, 8LD, EV 104.4 MPH)
|
| Bottom of the 1st over - 0 runs, 0 hits, 0 errors, 0 left on base; Chicago 0 - St. Louis 0 |
| TOP OF THE 2ND |
|
Chicago Cubs batting - Pitching for St. Louis Cardinals : RHP Keith Anter
|
|
Batting: LHB Kevin Norton
|
0-0: Ball 1-0: Called Strike 1-1: Called Strike 1-2: Ground out 4-3 (Groundball, 4, EV 87.5 MPH)
|
|
Batting: RHB Steve Bartman Jr.
|
0-0: Ball 1-0: Called Strike 1-1: Ground out 4-3 (Groundball, 4, EV 83.8 MPH)
|
|
Batting: SHB Moe Lester
|
0-0: Ball 1-0: Swinging Strike 1-1: Fly out, F8 (Flyball, 8RD, EV 106.9 MPH)
|
| Top of the 2nd over - 0 runs, 0 hits, 0 errors, 0 left on base; Chicago 0 - St. Louis 0 |
| BOTTOM OF THE 2ND |
|
St. Louis Cardinals batting - Pitching for Chicago Cubs : LHP Unkei Wakamatsu
|
|
Batting: RHB Melvin Enriquez
|
0-0: Called Strike 0-1: Ball 1-1: Called Strike 1-2: Ball 2-2: Foul Ball, location: 2F 2-2: Strikes out swinging
|
|
Batting: SHB Chris Blue
|
0-0: Swinging Strike 0-1: Fly out, F7 (Flyball, 78M, EV 85.0 MPH)
|
|
Batting: RHB Jordan Diaz
|
0-0: Ball 1-0: Called Strike 1-1: Ball 2-1: Foul Ball, location: 2F 2-2: Strikes out looking
|
| Bottom of the 2nd over - 0 runs, 0 hits, 0 errors, 0 left on base; Chicago 0 - St. Louis 0 |
| TOP OF THE 3RD |
|
Chicago Cubs batting - Pitching for St. Louis Cardinals : RHP Keith Anter
|
|
Batting: RHB Xavier Davis
|
0-0: Called Strike 0-1: Swinging Strike 0-2: Strikes out looking
|
|
Batting: LHB Andy Arbuckle
|
0-0: Ball 1-0: Called Strike 1-1: Ball 2-1: Fly out, F8 (Flyball, 8RXD, EV 100.6 MPH)
|
|
Batting: RHB Adam Kelliher
|
0-0: Called Strike 0-1: Swinging Strike 0-2: Ball 1-2: Ball 2-2: Foul Ball, location: 2F 2-2: Ball 3-2: Strikes out swinging
|
| Top of the 3rd over - 0 runs, 0 hits, 0 errors, 0 left on base; Chicago 0 - St. Louis 0 |
| BOTTOM OF THE 3RD |
|
St. Louis Cardinals batting - Pitching for Chicago Cubs : LHP Unkei Wakamatsu
|
|
Batting: SHB Harry Hoop
|
0-0: Called Strike 0-1: Ball 1-1: Called Strike 1-2: Strikes out swinging
|
|
Batting: RHB Rocky Campbell
|
0-0: Ball 1-0: Foul Ball, location: 2F 1-1: Ground out 5-3 (Groundball, 56, EV 88.8 MPH)
|
|
Batting: LHB Armando Carbajal
|
0-0: Ball 1-0: Ball 2-0: Called Strike 2-1: Called Strike 2-2: Fly out, F8 (Flyball, 8LXD, EV 108.8 MPH)
|
| Bottom of the 3rd over - 0 runs, 0 hits, 0 errors, 0 left on base; Chicago 0 - St. Louis 0 |
| TOP OF THE 4TH |
|
Chicago Cubs batting - Pitching for St. Louis Cardinals : RHP Keith Anter
|
|
Batting: RHB David Casas
|
0-0: Called Strike 0-1: Called Strike 0-2: Ground out 4-3 (Groundball, 34, EV 81.9 MPH)
|
|
Batting: RHB Josh Kalman
|
0-0: SINGLE (Line Drive, 8RS, EV 105.0 MPH)
|
|
Batting: RHB Efrain Vargas
|
0-0: Called Strike 0-1: Ball 1-1: Foul Ball, location: 2F 1-2: Ball 2-2: Ball 3-2: Foul Ball, location: 2F 3-2: SINGLE (Groundball, 4MD, EV 100.6 MPH) Josh Kalman to second
|
|
Batting: LHB Kevin Norton
|
0-0: Ball 1-0: Called Strike 1-1: Foul Ball, location: 2F 1-2: Ball 2-2: Fly out, F7 (Flyball, 7LS, EV 90.6 MPH)
|
|
Batting: RHB Steve Bartman Jr.
|
0-0: Called Strike 0-1: Swinging Strike 0-2: Ground out 5-3 (Groundball, 56S, EV 86.2 MPH)
|
| Top of the 4th over - 0 runs, 2 hits, 0 errors, 2 left on base; Chicago 0 - St. Louis 0 |
| BOTTOM OF THE 4TH |
|
St. Louis Cardinals batting - Pitching for Chicago Cubs : LHP Unkei Wakamatsu
|
|
Batting: LHB Ichiro Toyota
|
0-0: Fly out, F9 (Flyball, 9D, EV 106.9 MPH)
|
|
Batting: SHB Antoine Roux
|
0-0: Foul Ball, location: 2F 0-1: Swinging Strike 0-2: Foul Ball, location: 2F 0-2: Ball 1-2: Foul Ball, location: 2F 1-2: Strikes out swinging
|
|
Batting: RHB Mike Bates
|
0-0: Ball 1-0: Foul Ball, location: 2F 1-1: Ball 2-1: Foul Ball, location: 2F 2-2: Foul Ball, location: 2F 2-2: Foul Ball, location: 2F 2-2: Ground out 3-1 (Groundball, 34, EV 105.6 MPH)
|
| Bottom of the 4th over - 0 runs, 0 hits, 0 errors, 0 left on base; Chicago 0 - St. Louis 0 |
| TOP OF THE 5TH |
|
Chicago Cubs batting - Pitching for St. Louis Cardinals : RHP Keith Anter
|
|
Batting: SHB Moe Lester
|
0-0: Ball 1-0: Ball 2-0: Swinging Strike 2-1: Ground out 4-3 (Groundball, 4, EV 103.1 MPH)
|
|
Batting: RHB Xavier Davis
|
0-0: Ball 1-0: Called Strike 1-1: Called Strike 1-2: Foul Ball, location: 2F 1-2: Ball 2-2: Ball 3-2: Foul Ball, location: 2F 3-2: SINGLE (Line Drive, 56, EV 93.8 MPH)
|
|
Batting: LHB Andy Arbuckle
|
0-0: Called Strike 0-1: Foul Ball, location: 2F 0-2: Foul Ball, location: 2F 0-2: SINGLE (Groundball, 4MD, EV 102.5 MPH) Xavier Davis to second Xavier Davis to third
|
|
Batting: RHB Adam Kelliher
|
0-0: Called Strike 0-1: Fly out, F8 (Flyball, 8LD, EV 83.1 MPH) Runner from 3rd tags up, OUT at HOME! 8-2
|
| Top of the 5th over - 0 runs, 2 hits, 0 errors, 1 left on base; Chicago 0 - St. Louis 0 |
| BOTTOM OF THE 5TH |
|
St. Louis Cardinals batting - Pitching for Chicago Cubs : LHP Unkei Wakamatsu
|
|
Batting: RHB Melvin Enriquez
|
0-0: Ball 1-0: Ball 2-0: DOUBLE (Groundball, 5L, EV 96.9 MPH)
|
|
Batting: SHB Chris Blue
|
0-0: Foul Ball, location: 2F 0-1: Ball 1-1: Swinging Strike 1-2: Ground out 5-3 (Groundball, 5, EV 83.8 MPH)
|
|
Batting: RHB Jordan Diaz
|
0-0: Intentional Walk
|
|
Batting: SHB Harry Hoop
|
0-0: Ball 1-0: Ball 2-0: Foul Ball, location: 2F 2-1: Foul Ball, location: 2F 2-2: Ball 3-2: Strikes out looking
|
|
Batting: RHB Rocky Campbell
|
0-0: Ball 1-0: Ball 2-0: SINGLE (Groundball, 6S, EV 68.8 MPH) (infield hit) Melvin Enriquez to third Jordan Diaz to second
|
|
Batting: LHB Armando Carbajal
|
0-0: Called Strike 0-1: Ball 1-1: Fly out, F7 (Flyball, 7D, EV 88.8 MPH)
|
| Bottom of the 5th over - 0 runs, 2 hits, 0 errors, 3 left on base; Chicago 0 - St. Louis 0 |
| TOP OF THE 6TH |
|
Chicago Cubs batting - Pitching for St. Louis Cardinals : RHP Keith Anter
|
|
Batting: RHB David Casas
|
0-0: Called Strike 0-1: Ball 1-1: Ball 2-1: Ball 3-1: Base on Balls
|
|
Batting: RHB Josh Kalman
|
0-0: Swinging Strike 0-1: Ball 1-1: Ball 2-1: Fly out, F7 (Line Drive, 7LM, EV 106.9 MPH)
|
|
Batting: RHB Efrain Vargas
|
0-0: Ball 1-0: Ball 2-0: Foul Ball, location: 2F 2-1: Fly out, F7 (Flyball, 7, EV 88.8 MPH)
|
|
Batting: LHB Kevin Norton
|
0-0: Ball 1-0: 2-RUN HOME RUN (Flyball, 7D, EV 97.5 MPH), Distance : 384 ft
|
|
Batting: RHB Steve Bartman Jr.
|
0-0: Called Strike 0-1: Ball 1-1: Ball 2-1: Ball 3-1: Base on Balls
|
|
Batting: SHB Moe Lester
|
0-0: Called Strike Steve Bartman Jr. steals 2nd base (no throw) 0-1: Swinging Strike 0-2: Strikes out swinging
|
| Top of the 6th over - 2 runs, 1 hit, 0 errors, 1 left on base; Chicago 2 - St. Louis 0 |
| BOTTOM OF THE 6TH |
|
St. Louis Cardinals batting - Pitching for Chicago Cubs : LHP Unkei Wakamatsu
|
|
Batting: LHB Ichiro Toyota
|
0-0: Ball 1-0: Ball 2-0: Ball 3-0: Base on Balls
|
|
Batting: SHB Antoine Roux
|
0-0: SINGLE (Groundball, 56D, EV 99.4 MPH) Ichiro Toyota to second
|
|
Batting: RHB Mike Bates
|
0-0: Ball 1-0: Swinging Strike 1-1: Ball 2-1: Called Strike 2-2: Fielders Choice at 2nd, 1-6 (Groundball, 13S, EV 68.1 MPH) Ichiro Toyota to third
|
|
Batting: RHB Melvin Enriquez
|
0-0: Swinging Strike 0-1: Foul Ball, location: 2F 0-2: Ball 1-2: Fly out, F9 (Flyball, 89S, EV 88.1 MPH)
|
|
Batting: SHB Chris Blue
|
0-0: Ball 1-0: Foul Ball, location: 2F 1-1: Ball 2-1: Ground out 6-3 (Groundball, 6S, EV 83.1 MPH)
|
| Bottom of the 6th over - 0 runs, 1 hit, 0 errors, 2 left on base; Chicago 2 - St. Louis 0 |
| TOP OF THE 7TH |
|
Chicago Cubs batting - Pitching for St. Louis Cardinals : RHP Keith Anter
|
|
Pitching: RHP Geoff Mooney
|
|
|
Batting: RHB Xavier Davis
|
0-0: Called Strike 0-1: Foul Ball, location: 2F 0-2: Foul Ball, location: 2F 0-2: Strikes out swinging
|
|
Batting: LHB Andy Arbuckle
|
0-0: Called Strike 0-1: Ball 1-1: DOUBLE (Flyball, 9LM, EV 112.5 MPH)
|
|
Batting: RHB Adam Kelliher
|
0-0: Called Strike 0-1: Swinging Strike 0-2: Strikes out swinging
|
|
Batting: RHB David Casas
|
0-0: Called Strike 0-1: Ball 1-1: Ball 2-1: Ball 3-1: Foul Ball, location: 2F 3-2: Ground out 5-3 (Groundball, 15, EV 80.6 MPH)
|
| Top of the 7th over - 0 runs, 1 hit, 0 errors, 1 left on base; Chicago 2 - St. Louis 0 |
| BOTTOM OF THE 7TH |
|
St. Louis Cardinals batting - Pitching for Chicago Cubs : LHP Unkei Wakamatsu
|
|
Batting: RHB Jordan Diaz
|
0-0: Ball 1-0: Swinging Strike 1-1: Called Strike 1-2: Strikes out swinging
|
|
Batting: SHB Harry Hoop
|
0-0: Ball 1-0: Called Strike 1-1: Ground out 5-3 (Groundball, 15, EV 84.4 MPH)
|
|
Batting: RHB Rocky Campbell
|
0-0: Foul Ball, location: 2F 0-1: Ball 1-1: Ground out 4-3 (Groundball, 4, EV 88.1 MPH)
|
| Bottom of the 7th over - 0 runs, 0 hits, 0 errors, 0 left on base; Chicago 2 - St. Louis 0 |
| TOP OF THE 8TH |
|
Chicago Cubs batting - Pitching for St. Louis Cardinals : RHP Geoff Mooney
|
|
Batting: RHB Josh Kalman
|
0-0: Called Strike 0-1: Foul Ball, location: 2F 0-2: Foul Ball, location: 2F 0-2: Ground out 5-3 (Groundball, 5, EV 89.4 MPH)
|
|
Batting: RHB Efrain Vargas
|
0-0: Called Strike 0-1: Ball 1-1: Ball 2-1: Swinging Strike 2-2: Ball 3-2: Foul Ball, location: 2F 3-2: Foul Ball, location: 2F 3-2: SINGLE (Line Drive, 7S, EV 108.8 MPH)
|
|
Batting: LHB Kevin Norton
|
0-0: Called Strike 0-1: DOUBLE (Flyball, 78XD, EV 102.5 MPH) Efrain Vargas to third
|
|
Batting: RHB Steve Bartman Jr.
|
0-0: Ball 1-0: Ground out 6-3 (Groundball, 56, EV 93.8 MPH)
|
|
Batting: SHB Moe Lester
|
0-0: Intentional Walk
|
|
Batting: RHB Xavier Davis
|
0-0: Called Strike 0-1: SINGLE (Groundball, 6MS, EV 68.1 MPH) (infield hit) Efrain Vargas scores Kevin Norton to third Moe Lester to second
|
|
Batting: LHB Andy Arbuckle
|
0-0: Ball 1-0: GRAND SLAM HOME RUN (Flyball, 7D, EV 102.5 MPH), Distance : 384 ft
|
|
Pitching: RHP Ray Scifo
|
|
|
Batting: RHB Adam Kelliher
|
0-0: Ball 1-0: Ball 2-0: Fly out, F7 (Line Drive, 7S, EV 87.5 MPH)
|
| Top of the 8th over - 5 runs, 4 hits, 0 errors, 0 left on base; Chicago 7 - St. Louis 0 |
| BOTTOM OF THE 8TH |
|
St. Louis Cardinals batting - Pitching for Chicago Cubs : LHP Unkei Wakamatsu
|
|
Batting: LHB Armando Carbajal
|
0-0: Ball 1-0: Ball 2-0: Called Strike 2-1: Ball 3-1: Swinging Strike 3-2: Foul Ball, location: 2F 3-2: Ground out 1-3 (Groundball, 15S, EV 68.1 MPH)
|
|
Pinch Hitting: RHB Klaas Meij
|
0-0: Called Strike 0-1: Ball 1-1: Ball 2-1: SINGLE (Groundball, 6MD, EV 110.0 MPH)
|
|
Pinch Hitting: SHB Jason Kirby
|
0-0: Called Strike 0-1: Foul Ball, location: 2F 0-2: Ball 1-2: Foul Ball, location: 2F 1-2: Strikes out swinging
|
|
Pinch Hitting: LHB Billy Guzman
|
0-0: Ball 1-0: Ball 2-0: DOUBLE (Flyball, 78XD, EV 95.0 MPH) Klaas Meij to third Runner from 3rd tries for Home, SAFE, throw by CF to home
|
|
Batting: RHB Melvin Enriquez
|
0-0: Ball 1-0: Ground out 4-3 (Groundball, 4, EV 78.8 MPH)
|
| Bottom of the 8th over - 1 run, 2 hits, 0 errors, 1 left on base; Chicago 7 - St. Louis 1 |
| TOP OF THE 9TH |
|
Chicago Cubs batting - Pitching for St. Louis Cardinals : RHP Ray Scifo
|
|
Now at 2B: Klaas Meij
|
|
|
Now at 3B: Jason Kirby
|
|
|
Now in CF: Billy Guzman
|
|
|
Batting: RHB David Casas
|
0-0: Ball 1-0: Called Strike 1-1: Ball 2-1: Foul Ball, location: 2F 2-2: Ball 3-2: Foul Ball, location: 2F 3-2: Ground out 6-3 (Groundball, 6MS, EV 71.9 MPH)
|
|
Batting: RHB Josh Kalman
|
0-0: SINGLE (Groundball, 15S, EV 71.2 MPH) (infield hit)
|
|
Batting: RHB Efrain Vargas
|
0-0: Foul Ball, location: 2F 0-1: Fly out, F9 (Flyball, 89S, EV 83.8 MPH)
|
|
Batting: LHB Kevin Norton
|
0-0: Called Strike 0-1: Fly out, F8 (Flyball, 8RM, EV 91.9 MPH)
|
| Top of the 9th over - 0 runs, 1 hit, 0 errors, 1 left on base; Chicago 7 - St. Louis 1 |
| BOTTOM OF THE 9TH |
|
St. Louis Cardinals batting - Pitching for Chicago Cubs : LHP Unkei Wakamatsu
|
|
Batting: SHB Chris Blue
|
0-0: Ground out U3 (Groundball, 3, EV 91.2 MPH)
|
|
Batting: RHB Jordan Diaz
|
0-0: Foul Ball, location: 2F 0-1: Ball 1-1: Fly out, F7 (Flyball, 7, EV 74.4 MPH)
|
|
Batting: SHB Harry Hoop
|
0-0: Ball 1-0: Foul Ball, location: 2F 1-1: Ball 2-1: Foul Ball, location: 2F 2-2: Foul Ball, location: 2F 2-2: Ball 3-2: Foul Ball, location: 2F 3-2: SOLO HOME RUN (Flyball, 9D, EV 97.5 MPH), Distance : 392 ft
|
|
Batting: RHB Rocky Campbell
|
0-0: Ball 1-0: Called Strike 1-1: Fly out, F9 (Flyball, 89M, EV 80.0 MPH)
|
| Bottom of the 9th over - 1 run, 1 hit, 0 errors, 0 left on base; Chicago 7 - St. Louis 2 |
|